Map: Cerulean Fall LE

Players

Denver

  • Race: Zerg Zerg
  • League: Master
  • Spawn Location: 7:00

Elazer - Winner!

  • Race: Zerg Zerg
  • Spawn Location: 1:00

Event: HomeStory Cup XVIII

VOD

Have the link to the VOD?

Description

Time

  • Played on: Nov. 22, 2018, 10:24 a.m.
  • Length: 5:18

All games in this series

Show
View Real Time Build Order
Export as new Build Order

Denver Zerg 

Build Orders: Hatch First 

Get SALT Encoding   

  12  0:00  Drone  
  13  0:12  Overlord  
  13  0:17  Drone  
  14  0:31  Drone x2  
  16  0:49  Hatchery  
  15  0:53  Drone  
  15  0:56  Drone  
  17  1:00  Drone  
  18  1:10  Extractor  
  17  1:15  Spawning Pool  
  16  1:19  Drone  
  16  1:23  Drone  
  18  1:28  Drone  
  19  1:38  Drone  
  20  1:49  Drone  
  21  2:01  Drone  
  21  2:03  Queen x2  
  21  2:04  Zergling x2  
  27  2:10  Metabolic Boost  
  27  2:12  Overlord  
  28  2:15  Drone  
  28  2:32  Drone x3  
  31  2:38  Hatchery  
  31  2:42  Drone  
  31  2:44  Drone  
  32  2:48  Drone  
  33  2:53  Overlord  
  33  3:00  Drone  
  34  3:06  Baneling Nest, Zergling x4  
  34  3:11  Queen  
  37  3:13  Drone x2  
  37  3:15  Drone  
  37  3:19  Overlord  
  40  3:22  Zergling x2  
  40  3:23  Zergling x2  
  42  3:27  Drone  
  42  3:29  Zergling x2  
  42  3:31  Overlord  
  43  3:38  Zergling x2  
  44  3:45  Zergling x2  
  44  3:46  Zergling x4  
  47  3:51  Baneling  
  47  3:53  Zergling x4  
  47  3:54  Queen  
  51  3:57  Zergling x2  
  51  4:02  Zergling x4  
  48  4:10  Roach Warren  
  48  4:11  Extractor  
  48  4:12  Zergling x6  
  48  4:14  Baneling x2  
  49  4:17  Drone x3  
  49  4:19  Drone  
  53  4:31  Overlord  
  50  4:51  Roach  
  50  4:52  Roach x8, Zergling x4  
  69  4:53  Zergling x2  
Show
View Real Time Build Order
Export as new Build Order

Elazer Zerg - Winner!

Build Orders: Hatch First 

Get SALT Encoding   

  12  0:00  Drone  
  13  0:12  Overlord  
  13  0:17  Drone  
  14  0:30  Drone x2  
  16  0:49  Hatchery  
  15  0:51  Drone  
  15  0:55  Drone  
  17  1:09  Spawning Pool  
  16  1:13  Extractor  
  16  1:14  Drone  
  16  1:17  Drone  
  17  1:20  Drone  
  18  1:28  Drone  
  19  1:42  Drone  
  20  1:50  Overlord  
  20  1:56  Queen  
  20  2:00  Queen  
  24  2:02  Drone  
  24  2:07  Drone  
  26  2:13  Drone x2  
  28  2:16  Metabolic Boost  
  28  2:23  Zergling x2  
  28  2:24  Zergling x2  
  30  2:32  Drone  
  30  2:34  Drone  
  32  2:41  Hatchery  
  31  2:45  Overlord  
  31  2:48  Drone  
  32  2:54  Drone  
  32  2:55  Drone  
  34  3:05  Zergling x2  
  34  3:06  Zergling x8  
  34  3:08  Zergling x4  
  41  3:16  Roach Warren  
  41  3:18  Overlord  
  40  3:24  Zergling x2  
  40  3:25  Zergling x2  
  42  3:28  Overlord  
  42  3:32  Zergling x2  
  43  3:38  Zergling x2  
  43  3:39  Overlord  
  44  4:02  Roach x7  
  55  4:13  Roach x3  
  61  4:19  Roach  
  61  4:22  Zergling x8  
  67  4:28  Zergling x6  
  70  4:33  Overlord  
  70  4:36  Zergling x4  
  72  4:45  Zergling x4  
  69  4:54  Zergling x12  
  69  4:58  Zergling x4  
Tags
 
Add a new tag
Caveats
  • Supply blocks, unpowered buildings, or Contaminate may cause inaccurate times.
  • Supply counts are checked every 10 seconds.